Map: Abyssal Reef LE

Players

Gemini - Winner!

  • Race: Protoss Protoss
  • League: Grandmaster
  • Spawn Location: 5:00

A.I. 1 (Very Easy)

  • Race: Terran Terran
  • Spawn Location: 11:00

VOD

Have the link to the VOD?

Description

Time

  • Played on: Dec. 2, 2017, 12:56 p.m.
  • Length: 7:12
Show
View Real Time Build Order
Export as new Build Order

Gemini Protoss - Winner!

Build Orders: 1 Gate Expand 

Get SALT Encoding   

  12  0:00  Probe (Chrono Boost)  
  13  0:13  Probe (Chrono Boost)  
  14  0:16  Pylon  
  14  0:20  Probe  
  15  0:34  Probe  
  16  0:35  Gateway  
  16  0:45  Assimilator  
  16  0:47  Probe  
  17  0:59  Probe (Chrono Boost)  
  18  1:11  Probe (Chrono Boost)  
  19  1:20  Nexus  
  19  1:23  Probe  
  20  1:34  Cybernetics Core  
  20  1:35  Probe  
  21  1:41  Assimilator  
  21  1:48  Probe  
  21  1:52  Pylon  
  22  2:00  Probe  
  23  2:11  Stalker (Chrono Boost), Warp Gate  
  23  2:12  Probe  
  26  2:24  Probe (Chrono Boost)  
  26  2:26  Robotics Facility  
  27  2:36  Probe (Chrono Boost)  
  29  2:40  Stalker  
  29  2:43  Probe (Chrono Boost)  
  32  2:45  Probe (Chrono Boost)  
  32  2:46  Probe  
  33  2:54  Probe  
  33  2:58  Probe  
  35  3:06  Probe  
  35  3:10  Probe  
  35  3:11  Sentry  
  39  3:14  Observer (Chrono Boost)  
  39  3:18  Probe  
  41  3:20  Gateway x2  
  41  3:22  Probe  
  41  3:25  Pylon  
  42  3:29  Assimilator  
  42  3:30  Probe, Observer  
  44  3:34  Probe  
  45  3:42  Probe  
  45  3:46  Probe  
  45  3:48  Twilight Council  
  47  3:49  Forge  
  47  3:54  Probe  
  48  3:58  Probe, Pylon  
  49  4:06  Immortal  
  49  4:07  Probe  
  54  4:16  Probe  
  55  4:20  Resonating Glaives (Chrono Boost)  
  55  4:22  Probe  
  56  4:26  Pylon  
  56  4:29  Probe  
  56  4:31  Protoss Ground Weapons Level 1 (Chrono Boost)  
  57  4:42  Nexus  
  57  4:45  Warp Prism  
  59  4:51  Stalker  
  59  4:52  Stalker  
  63  5:03  Gateway x2  
  63  5:07  Gateway  
  63  5:11  Gateway  
  63  5:15  Gateway  
  63  5:26  Pylon  
  63  5:30  Pylon  
  63  5:31  Adept x3  
  69  5:48  Pylon  
  69  5:51  Pylon  
  69  6:07  Adept x6  
  69  6:08  Adept  
  69  6:09  Adept  
  85  6:28  Adept x7  
  99  6:33  Adept  
  101  7:02  Adept x8  
Show
View Real Time Build Order
Export as new Build Order

A.I. 1 (Very Easy) Terran 

Build Orders: Reaper Expand 

Get SALT Encoding   

  12  0:00  SCV  
  13  0:13  SCV  
  14  0:18  Supply Depot  
  14  0:40  Barracks  
  14  1:04  Command Center  
  14  1:28  Marine  
  14  1:31  Supply Depot, Orbital Command  
  15  1:37  Refinery  
  15  1:48  Refinery  
  15  1:56  SCV  
  16  2:08  SCV  
  17  2:16  Reaper  
  17  2:20  SCV  
  17  2:22  SCV  
  20  2:32  SCV  
  20  2:36  SCV  
  22  2:44  SCV  
  22  2:50  SCV  
  24  2:56  Refinery  
  24  2:58  SCV  
  25  3:02  Marine  
  25  3:05  SCV  
  27  3:12  SCV  
  28  3:19  SCV, Factory  
  29  3:42  Refinery  
  29  3:45  SCV  
  29  3:47  Marine  
  31  3:52  SCV  
  32  3:57  Supply Depot  
  32  3:59  SCV  
  33  4:06  Starport, Barracks Tech Lab  
  33  4:07  SCV  
  34  4:14  SCV  
  35  4:21  SCV  
  36  4:28  SCV  
  37  4:33  Supply Depot  
  37  4:34  Marauder  
  37  4:35  SCV  
  40  4:42  SCV  
  40  4:44  Starport Tech Lab  
  41  4:49  SCV  
  42  4:57  SCV  
  43  5:04  SCV, Raven  
  46  5:11  SCV  
  47  5:18  SCV  
  47  5:20  Marauder  
  50  5:47  Raven  
  52  6:05  Marine  
  53  6:36  Viking  
  53  6:39  Supply Depot  
  46  6:41  SCV  
  39  6:49  SCV  
  32  6:56  SCV  
Tags
 
Add a new tag
Caveats
  • Supply blocks, unpowered buildings, or Contaminate may cause inaccurate times.
  • Supply counts are checked every 10 seconds.